 Dungeon Crawl Stone Soup version 0.19-a0-1922-g1e9a4c1 (webtiles) character file.

2865 Kirk the Spear-Bearer (level 9, -3/54 HPs)
             Began as an Octopode Gladiator on Oct 24, 2016.
             Shot with an arrow by a centaur (10 damage)
             ... on level 7 of the Dungeon.
             The game lasted 00:15:30 (6210 turns).

Kirk the Spear-Bearer (Octopode Gladiator)          Turns: 6210, Time: 00:15:31

Health: -3/54      AC:  3    Str: 14    XL:     9   Next: 75%
Magic:  10/10      EV: 14    Int: 22    God:
Gold:   480        SH:  0    Dex: 12    Spells: 0 memorised, 8 levels left

rFire  . . .     SeeInvis .     j - +3 spear (freeze)
rCold  . . .     Gourm    .     (no shield)
rNeg   . . .     Faith    .     b - +2 hat
rPois  .         Spirit   .     (no amulet)
rElec  .         Reflect  .     o - ring of stealth
rCorr  .         Harm     .     (no ring)
MR     .....                    s - +5 ring of intelligence
Stlth  +++.......               y - +3 ring of intelligence
                                (no ring)
                                (no ring)
                                (no ring)
                                (no ring)

@: no status effects
A: almost no armour, stealthy swim, amphibious, 8 rings, constrict 8, camouflage
1, gelatinous body 1
a: no special abilities


You were on level 7 of the Dungeon.
You were not hungry.

You visited 2 branches of the dungeon, and saw 8 of its levels.

You collected 480 gold pieces.

Inventory:

Hand Weapons
 a - a +0 trident
 j - a +3 spear of freezing (weapon)
 G - a +1 trident of piercing
Missiles
 c - 3 throwing nets (quivered)
 n - 8 needles of frenzy
 t - 8 tomahawks
Armour
 b - a +2 hat (worn)
Jewellery
 e - an uncursed ring of teleportation
 o - a ring of stealth (left tentacle)
 s - a +5 ring of intelligence (on tentacle)
 y - a +3 ring of intelligence (on tentacle)
Wands
 h - a wand of iceblast (0/15)
 u - a wand of slowing (5/48)
Scrolls
 l - 2 scrolls of recharging
 p - a scroll of blinking
 q - 3 scrolls of teleportation
 x - a scroll of amnesia
 D - a scroll of fear
 E - a scroll of enchant armour
 H - a scroll of enchant weapon
 I - a scroll of identify
Potions
 g - 3 potions of haste
 i - 4 potions of curing
 r - a potion of flight {unknown}
 v - 2 potions of magic
 w - a potion of cure mutation {unknown}
 A - a potion of berserk rage {unknown}
 B - a potion of ambrosia {unknown}
Books
 C - a book of Misfortune

   Spells                             Type                      Level
   a - Confusing Touch                Hexes                        1
   b - Confuse                        Hexes                        3
   c - Gell's Gravitas                Hexes/Translocation          3
   d - Petrify                        Transmutation/Earth          4
   e - Metabolic Englaciation         Hexes/Ice                    5
   f - Yara's Violent Unravelling     Hexes/Transmutation          5
 J - Sif Muna's Collected Works on Poisoning
   (You found it on level 7 of the Dungeon)

   Spells                             Type                      Level
   a - Sting                          Conjuration/Poison           1
Comestibles
 d - 7 bread rations
 f - 8 meat rations
 k - 4 fruits
 m - a slice of pizza
 z - a beef jerky
 F - 2 chunks of flesh


   Skills:
 - Level 2.0 Fighting
 + Level 12.6 Polearms
 - Level 3.1 Throwing
 - Level 3.0 Dodging
 + Level 2.2 Evocations


You had 8 spell levels left.
You didn't know any spells.

Dungeon Overview and Level Annotations

Branches:
Dungeon (7/15)             Temple (1/1) D:5

Altars:
Ashenzari
Cheibriados
Dithmenos
Elyvilon
Fedhas
Gozag
Hepliaklqana
Makhleb
Nemelex Xobeh
Okawaru
Qazlal
Ru
Sif Muna
Uskayaw
Vehumet
Xom
Yredelemnul
Zin
The Shining One

Annotations:
D:4 1 runed door, Sigmund
D:7 exclusion: 2 centaurs


Innate Abilities, Weirdness & Mutations

You cannot wear most types of armour.
You are very stealthy in the water. (Stealth+)
You are amphibious.
You can wear up to eight rings at the same time.
You can use your tentacles to constrict eight enemies at once.
Your skin changes colour to match your surroundings (Stealth+).
Your rubbery body absorbs attacks. (AC +1, EV +1)


Message History

The ogre is heavily wounded.
You barely miss the ogre.
The ogre is heavily wounded.
The ogre hits you with a giant club!!
You hit the ogre. You freeze the ogre.
The ogre is severely wounded.
You hit the ogre. You freeze the ogre.
The ogre is almost dead.
The ogre hits you with a giant club!!
* * * LOW HITPOINT WARNING * * *
The centaur wields a shortbow.
The centaur shoots an arrow.
The arrow misses you.
The centaur shoots an arrow.
The arrow hits you but does no damage.
You see here 2 arrows.
The centaur shoots an arrow.
The arrow hits you!
* * * LOW HITPOINT WARNING * * *
You see here an arrow.
You feel better.
The centaur shoots an arrow.
The arrow hits you!
You die...

.........#.##.p##.##..#
##########.##..##†# .#
#.##...... ..
#.##.###... ## #. #.##.#
####. #.# #.##># .# #.#
#O##.###### # #.#
#(..c...... #.#
#@#..####### #.#
#.#......... .#
#.###########.#.########
.. ##..........##.#.# ##
#...#######.##.#.#
###...### #.##p#.#
#......p# #.##.#.# .
#.....p.# #.##.#.# c##
#...pp..# #.##.#.# ..#


You could see an ogre, a centaur and a neutral freed slave (wandering).

Vanquished Creatures
  Pikel (D:7)
  Prince Ribbit (D:6)
  A water moccasin (D:7)
  2 ice beasts
  A black bear (D:6)
  A phantom (D:5)
  A sky beast (D:6)
  4 ogres
  A centaur (D:5)
  3 bullfrogs
  A howler monkey (D:7)
  3 crimson imps
  A bullfrog zombie (D:5)
  3 hounds
  3 orc priests
  8 orc wizards
  A bullfrog skeleton (D:4)
  7 worker ants
  2 iguanas
  A hound skeleton (D:7)
  8 gnolls
  3 adders
  A shadow imp (D:5)
  An ooze (D:3)
  2 adder skeletons
  A dart slug (D:2)
  3 leopard geckos
  23 orcs
  2 ball pythons
  6 bats
  2 giant cockroaches
  4 hobgoblins
  5 jackals
  4 kobolds
  A quokka (D:5)
  4 frilled lizards
  A giant cockroach zombie (D:5)
  12 goblins
  A leopard gecko skeleton (D:5)
  A quokka skeleton (D:5)
  A quokka zombie (D:5)
  10 rats
142 creatures vanquished.

Vanquished Creatures (others)
  A shadow imp (D:6)
1 creature vanquished.

Grand Total: 143 creatures vanquished

Notes
Turn   | Place    | Note
-------+----------+-------------------------------------------
     0 | D:1      | Kirk the Octopode Gladiator began the quest for the Orb.
     0 | D:1      | Reached XP level 1. HP: 14/14 MP: 1/1
   110 | D:1      | Reached XP level 2. HP: 16/19 MP: 2/2
   433 | D:1      | Reached XP level 3. HP: 15/24 MP: 3/3
   532 | D:1      | Reached skill level 4 in Polearms
   840 | D:2      | Found a glowing golden altar of the Shining One.
   846 | D:2      | Found a faded altar of an unknown god.
  1148 | D:2      | Reached XP level 4. HP: 29/29 MP: 4/4
  1475 | D:3      | Found a stormy altar of Qazlal.
  1922 | D:4      | Reached skill level 5 in Polearms
  2039 | D:4      | Reached XP level 5. HP: 34/34 MP: 5/5
  2175 | D:4      | Reached skill level 6 in Polearms
  2182 | D:4      | Reached XP level 6. HP: 19/39 MP: 6/6
  2437 | D:4      | Found a runed door.
  2605 | D:4      | Noticed Sigmund
  2959 | D:5      | Entered Level 5 of the Dungeon
  2965 | D:5      | Found a staircase to the Ecumenical Temple.
  2966 | D:5      | Noticed an ice beast
  2993 | D:5      | Killed an ice beast
  2993 | D:5      | Reached skill level 7 in Polearms
  2993 | D:5      | Reached XP level 7. HP: 28/45 MP: 7/7
  3218 | D:5      | Reached skill level 8 in Polearms
  3748 | D:5      | Reached skill level 9 in Polearms
  3748 | D:5      | Reached XP level 8. HP: 31/50 MP: 8/8
  4072 | Temple   | Entered the Ecumenical Temple
  4294 | D:6      | Found an iron altar of Okawaru.
  4653 | D:6      | Reached skill level 10 in Polearms
  4654 | D:6      | Found a radiant altar of Vehumet.
  4812 | D:6      | Noticed Prince Ribbit
  4832 | D:6      | Killed Prince Ribbit
  5257 | D:6      | Reached skill level 11 in Polearms
  5257 | D:6      | Reached XP level 9. HP: 30/54 MP: 9/9
  5326 | D:6      | Reached skill level 1 in Evocations
  5950 | D:7      | Found a deep blue altar of Sif Muna.
  5975 | D:7      | Identified Sif Muna's Collected Works on Poisoning
  6075 | D:7      | Noticed Pikel
  6084 | D:7      | Reached skill level 12 in Polearms
  6087 | D:7      | Killed Pikel
  6208 | D:7      | HP: 1/54 [centaur/arrow (15)]
  6210 | D:7      | Shot with an arrow by a centaur

Vault maps used:
D:1:      dpeg_arrival_chase
D:2:      kb_forest_paths, lemuel_round_altar, first_bread, ecumenical_altar_2
D:3:      lemuel_crystal_altar, minmay_quantized
D:4:      uniq_sigmund, uniq_crazy_yiuf_cottage
D:5:      cheibrodos_helix_gallery
D:6:      fiery_altar_vehumet, grunt_ministairs_13, minmay_crystal_room,
          okawaru_trees_1, uniq_prince_ribbit1
D:7:      led_sif_book, uniq_pikel
Temple:   dpeg_five_rooms_temple

Skill      XL: |  1  2  3  4  5  6  7  8  9 |
---------------+----------------------------+-----
Polearms       | 4 5 6 7 9 11 12 | 12.6
Throwing       | 3 |  3.1
Evocations     | 2 |  2.2
Fighting       | |  2.0
Dodging        | |  3.0

Action                   |  1- 3 |  4- 6 |  7- 9 || total
-------------------------+-------+-------+-------++-------
Melee: Trident           |    20 |       |       ||    20
       Constrict         |    11 |    14 |    37 ||    62
       Tentacles         |     4 |     7 |    36 ||    47
       Spear             |    45 |    83 |   303 ||   431
Throw: Throwing net      |       |       |     1 ||     1
Evoke: Wand              |       |       |    12 ||    12
  Use: Scroll            |     6 |     6 |     6 ||    18
       Potion            |       |     1 |     4 ||     5
 Stab: Sleeping          |    20 |    11 |    10 ||    41
  Eat: Chunk             |     1 |     5 |    10 ||    16
       Fruit             |       |       |     1 ||     1
Armor: Skin              |     3 |     1 |    14 ||    18
Dodge: Dodged            |    14 |    26 |    66 ||   106
